 Dungeon Crawl Stone Soup version 0.25-a0-886-gd7461d2276 (webtiles) character file.

Game seed: 5713749323254314183, levelgen mode: deterministic

51 Maedhros the Sneak (level 3, -1/23 HPs)
             Began as an Octopode Artificer on May 1, 2020.
             Slain by an iguana (14 damage)
             ... on level 4 of the Dungeon.
             The game lasted 00:01:34 (350 turns).

Maedhros the Sneak (Octopode Artificer)              Turns: 350, Time: 00:01:35

Health: -1/23      AC:  1    Str: 11    XL:     3   Next: 81%
Magic:  5/5        EV: 13    Int: 13    God:
Gold:   0          SH:  0    Dex: 13    Spells: 2/2 levels left

rFire    . . .     SeeInvis .   a - +0 short sword
rCold    . . .     Gourm    .   (no shield)
rNeg     . . .     Faith    .   (helmet restricted)
rPois    .         Spirit   .   (no amulet)
rElec    .         Reflect  .   (no ring)
rCorr    .         Harm     .   (no ring)
MR       .....                  (no ring)
Stlth    +++.......             (no ring)
HPRegen  0.07/turn              (no ring)
MPRegen  0.09/turn              (no ring)
                                (no ring)
                                (no ring)

@: no status effects
A: almost no armour, stealthy swim, amphibious, 8 rings, constrict 8, camouflage
1, gelatinous body 1
a: no special abilities


You were on level 4 of the Dungeon.
You were not hungry.

You visited 1 branch of the dungeon, and saw 3 of its levels.

Inventory:

Hand Weapons
 a - a +0 short sword (weapon)
Armour
 l - a +0 kite shield
Wands
 b - a wand of flame (15)
 c - a wand of enslavement (12)
 d - a wand of random effects (11)
Scrolls
 e - a scroll of identify {unknown}
 i - a scroll of remove curse {unknown}
 k - a scroll of enchant armour {unknown}
 m - a scroll of immolation {unknown}
Potions
 h - a potion of might {unknown}
 j - a potion of ambrosia {unknown}
 n - a potion of degeneration {unknown}
 o - a potion of resistance {unknown}
 p - a potion of stabbing {unknown}
 q - a potion of berserk rage {unknown}
Comestibles
 f - 4 rations


   Skills:
 - Level 1.0 Fighting
 - Level 1.0 Short Blades
 - Level 2.0 Dodging
 - Level 4.0 Stealth
 + Level 2.0 Unarmed Combat
 - Level 3.2 Evocations


You had 2 spell levels left.
You didn't know any spells.
Your spell library was empty.

Dungeon Overview and Level Annotations

Branches:
Dungeon (2/15)

Altars:


Innate Abilities, Weirdness & Mutations

You cannot wear most types of armour.
You are very stealthy in the water. (Stealth+)
You are amphibious.
You can wear up to eight rings at the same time.
You can use your tentacles to constrict eight enemies at once.
Your skin changes colour to match your surroundings (Stealth+).
Your rubbery body absorbs attacks. (AC +1, EV +1)


Message History

You feel sick.
You open the door.
You feel sick.
You hear the slow hiss of a distant avalanche of sand.
You feel sick.
You are no longer poisoned.
An iguana comes into view.
The iguana hisses angrily.
You hit the iguana but do no damage. Your grab misses the iguana.
You squeeze the iguana.
The iguana is lightly wounded.
The iguana barely misses you.
Evoke which item? (* to show all) (? for menu, Esc to quit)
Okay, then.
You hit the iguana but do no damage. You grab the iguana.
The iguana is lightly wounded.
You constrict the iguana, but do no damage.
The iguana hisses menacingly.
The iguana bites you!
Ouch! That really hurt!
You die...

........#.#.##..........<.....#
#
........#.#.##............###.#
........#.#+##................#
......###.............########
......###.............#
......'...............#
#....(###.#.##'#########
#.....# #.#.##[#.l......
#.....###.#.##.#@#
#............#.#.#
#O...........'.#.#
#............###.#
#............# #.#
#........[...# #.#
#............###O#
####.............#
#......##'#..#####


You could see an ogre and an iguana.

Vanquished Creatures
  A worker ant (D:4)
  An adder (D:4)
  A leopard gecko (D:4)
  6 jackals (D:1)
  A kobold (D:2)
  2 bats (D:1)
  A frilled lizard (D:1)
  A goblin (D:1)
  2 rats (D:1)
16 creatures vanquished.

Notes
Turn   | Place    | Note
-------+----------+-------------------------------------------
     0 | D:1      | Maedhros the Octopode Artificer began the quest for the
                  | Orb.
     0 | D:1      | Reached XP level 1. HP: 13/13 MP: 3/3
    51 | D:1      | Reached skill level 2 in Stealth
    62 | D:1      | Reached skill level 3 in Stealth
    62 | D:1      | Reached XP level 2. HP: 13/18 MP: 4/4
   189 | D:2      | You fall into a shaft and drop 2 floors!
   213 | D:4      | Reached skill level 4 in Stealth
   213 | D:4      | Reached XP level 3. HP: 11/23 MP: 5/5
   238 | D:4      | Noticed an ogre
   350 | D:4      | Slain by an iguana

Levels and vault maps discovered:
D:1:      dpeg_arrival_rooms_a, layout_rooms
D:2:      layout_basic, nicolae_overflow_crystal_walls, bh_walls_and_bars
D:4:      layout_basic, amethyst_overflow_temple_binary, enter_ossuary_1,
          first_ration, glass_columns_a

Skill      XL: |  1  2  3 |
---------------+----------+-----
Stealth        | 3 4 |  4.0
Unarmed Combat | 2 |  2.0
Fighting       | |  1.0
Short Blades   | |  1.0
Dodging        | |  2.0
Evocations     | |  3.2

Action                   || total
-------------------------++-------
Melee: Short sword       ||    35
       Constrict         ||     9
       Tentacles         ||     3
Evoke: Wand              ||     7
  Use: Potion            ||     1
 Stab: Sleeping          ||     2
Armor: Skin              ||     4
Dodge: Dodged            ||    31

Table legend:
 A = Non-vault XP
 B = Vault XP
 C = Vault XP percentage of total XP
 D = Non-vault monster count
 E = Vault monster count
 F = Vault count percentage of total count
                 A         B        C        D         E       F
            +---------+---------+-------+---------+---------+-------
      Total |      73 |       0 |   0.0 |      16 |       0 |   0.0
            +---------+---------+-------+---------+---------+-------
        D:1 |      19 |       0 |   0.0 |      12 |       0 |   0.0
        D:2 |       2 |       0 |   0.0 |       1 |       0 |   0.0
        D:4 |      52 |       0 |   0.0 |       3 |       0 |   0.0
            +---------+---------+-------+---------+---------+-------
